 Dungeon Crawl Stone Soup version 0.20.0-15-g7f486f2 (webtiles) character file.

359 straycat the Ducker (level 6, -4/47 HPs)
             Began as a Vampire Fighter on June 14, 2017.
             Killed from afar by Dowan (12 damage)
             ... with a stone arrow
             ... on level 3 of the Dungeon.
             The game lasted 00:14:16 (3286 turns).

straycat the Ducker (Vampire Fighter)               Turns: 3286, Time: 00:14:16

Health: -4/47      AC:  6    Str: 17    XL:     6   Next: 37%
Magic:  0/15       EV: 11    Int: 11    God:
Gold:   207        SH:  9    Dex: 13    Spells: 5/5 levels left

rFire    + . .     SeeInvis +   a - +1 rapier
rCold    . . .     Gourm    .   c - +0 shield
rNeg     + . .     Faith    .   g - +2 leather armour {rF+}
rPois    .         Spirit   +   (no helmet)
rElec    .         Reflect  .   d - scarf {Spirit}
rCorr    .         Harm     .   x - +0 pair of gloves
MR       .....                  (no boots)
Stlth    ++........             s - amulet of magic regeneration
Regen    0.2/turn               o - ring of magical power
MPRegen  0.3/turn               (no ring)

@: no status effects
A: fangs 3, see invisible, unbreathing
a: Bat Form


You were on level 3 of the Dungeon.
You were not thirsty.

You visited 1 branch of the dungeon, and saw 4 of its levels.

You collected 207 gold pieces.

Inventory:

Hand Weapons
 a - a +1 rapier (weapon)
 t - a +0 blowgun
 A - a +0 short sword of distortion
Missiles
 h - 73 sling bullets
 j - 24 bolts
 k - 12 poisoned needles
 q - 75 stones (quivered)
Armour
 b - a +0 scale mail
 c - a +0 shield (worn)
 d - a scarf of spirit shield (worn)
 g - a +2 leather armour of fire resistance (worn)
 r - a +0 leather armour of positive energy
 w - a +0 plate armour
 x - a +0 pair of gloves (worn)
Jewellery
 o - a ring of magical power (left hand)
 s - an amulet of magic regeneration (around neck)
Scrolls
 f - 2 scrolls of remove curse
 p - 3 scrolls of magic mapping
 v - a scroll of teleportation
Potions
 e - 13 potions of blood
 i - a potion of brilliance
 l - 2 potions of degeneration {unknown}
 m - 4 potions of flight
 u - a potion of lignification {unknown}
 z - 2 potions of invisibility {unknown}
 B - a potion of haste {unknown}
 C - a potion of cancellation {unknown}


   Skills:
 + Level 3.5 Fighting
 - Level 2.1 Short Blades
 - Level 2.4 Armour
 * Level 4.6 Dodging
 + Level 4.3 Stealth
 + Level 3.7 Shields


You had 5 spell levels left.
You didn't know any spells.

Dungeon Overview and Level Annotations

Branches:
Dungeon (4/15)
 Temple: D:4-7

Altars:

Annotations:
D:3 Dowan


Innate Abilities, Weirdness & Mutations

You have razor-sharp teeth.
You have supernaturally acute eyesight. (SInv)
You can survive without breathing.


Message History

You climb upwards.
There is a stone staircase leading down here.
You closely miss Dowan. Dowan gestures at you while chanting.
The shard of ice hits you!
* * * LOW HITPOINT WARNING * * *
You miss Dowan. Dowan casts a spell at you. The shard of ice hits you!
* * * LOW HITPOINT WARNING * * *
You hit Dowan. Your bite misses Dowan.
Dowan is lightly wounded.
You block Dowan's attack.
You hit Dowan.
Dowan is moderately wounded.
Dowan gestures wildly while chanting.
Dowan blinks!
Dowan casts a spell at you. The stone arrow hits you!
You die...

#.#.# #.# #####.#.#
#.##
......#.#############
#..#
#######.............#
##.# #############.#
#.# #.# #.# #.# #.#
###################.#
#.#
^........##.e...@...#
#.#
............#########
#.# ########.#### #.#
#.#################.#
#...................#
#####################


You could see Dowan.

Vanquished Creatures
  Duvessa (D:4)
  A scorpion (D:4)
  A centaur zombie (D:3)
  A worker ant (D:4)
  3 gnolls (D:4)
  6 adders
  An ooze (D:1)
  3 worms
  A leopard gecko (D:1)
  6 orcs (D:3)
  10 bats
  A giant cockroach (D:2)
  5 goblins
  4 hobgoblins
  4 jackals (D:3)
  6 kobolds
  A quokka (D:2)
  2 frilled lizards
  9 rats
66 creatures vanquished.

Notes
Turn   | Place    | Note
-------+----------+-------------------------------------------
     0 | D:1      | straycat the Vampire Fighter began the quest for the Orb.
     0 | D:1      | Reached XP level 1. HP: 17/17 MP: 1/1
   197 | D:1      | Reached skill level 1 in Dodging
   202 | D:1      | Reached XP level 2. HP: 22/23 MP: 2/2
   684 | D:1      | Reached skill level 1 in Stealth
   879 | D:2      | Reached XP level 3. HP: 25/28 MP: 3/3
  1443 | D:2      | Reached XP level 4. HP: 23/35 MP: 4/4
  2263 | D:3      | Reached XP level 5. HP: 39/41 MP: 5/5
  2973 | D:4      | Noticed Dowan
  2974 | D:4      | Noticed Duvessa
  3013 | D:4      | Killed Duvessa
  3013 | D:4      | Reached XP level 6. HP: 13/47 MP: 2/6
  3286 | D:3      | Killed from afar by Dowan

Skill      XL: |  1  2  3  4  5 |
---------------+----------------+-----
Dodging        | 1 2 3 4 |  4.6
Stealth        | 1 2 3 4 |  4.3
Fighting       | 3 |  3.5
Shields        | 3 |  3.7
Short Blades   | |  2.1
Armour         | |  2.4

Action                   |  1- 3 |  4- 6 || total
-------------------------+-------+-------++-------
Melee: Rapier            |   104 |   158 ||   262
       Bite              |     9 |    18 ||    27
  Use: Potion            |     1 |     5 ||     6
       Scroll            |       |    10 ||    10
 Stab: Sleeping          |       |     4 ||     4
  Eat: Corpse            |     2 |     1 ||     3
Armor: Scale mail        |    59 |    19 ||    78
       Leather armour    |       |    41 ||    41
Dodge: Dodged            |    39 |   114 ||   153
Block: Shield            |    69 |    24 ||    93
